 Dungeon Crawl Stone Soup version 0.23.2 (webtiles) character file.

Game seed: 14464918408477701136

2436 Marnok the Spear-Bearer (level 9, 0/75 HPs)
             Began as a White Draconian Gladiator on Apr 13, 2019.
             Was a Believer of Qazlal.
             Succumbed to a scorpion's poison
             ... on level 7 of the Dungeon.
             The game lasted 00:21:45 (7728 turns).

Marnok the Spear-Bearer (White Draconian Gladiator) Turns: 7728, Time: 00:21:46

Health: 0/75       AC:  8    Str: 20    XL:     9   Next: 25%
Magic:  3/9        EV: 16    Int: 13    God:    Qazlal [**....]
Gold:   293        SH:  3    Dex: 13    Spells: 8/8 levels left

rFire    + . .     SeeInvis .   n - +2 trident (pierce)
rCold    + . .     Gourm    .   (no shield)
rNeg     . . .     Faith    .   (armour unavailable)
rPois    .         Spirit   +   b - +1 hat
rElec    .         Reflect  .   (no cloak)
rCorr    .         Harm     .   (no gloves)
MR       .....                  (no boots)
Stlth    ++........             v - amulet of guardian spirit
HPRegen  0.22/turn              u - +5 ring of intelligence
MPRegen  0.11/turn              y - ring of protection from fire

@: lethally poisoned (0 -> -5), short of breath
A: breathe frost, unfitting armour, cold resistance 1, cold-blooded, AC +7
a: Breathe Frost, Upheaval, Renounce Religion


You were on level 7 of the Dungeon.
You worshipped Qazlal.
Qazlal was pleased with you.
You were hungry.

You visited 2 branches of the dungeon, and saw 8 of its levels.
You also visited: Sewer.

You collected 293 gold pieces.

Inventory:

Hand Weapons
 a - a +0 trident
 g - a +4 flail
 i - a +2 antimagic war axe
 n - a +2 trident of piercing (weapon)
 o - a +2 spear of freezing
 s - a +4 flail of protection
Missiles
 c - 3 throwing nets
 r - 2 tomahawks of returning (quivered)
Armour
 b - a +1 hat (worn)
Jewellery
 q - a +3 amulet of reflection
 u - a +5 ring of intelligence (left hand)
 v - an amulet of guardian spirit (around neck)
 y - a ring of protection from fire (right hand)
Wands
 w - a wand of iceblast (7)
Scrolls
 f - 3 scrolls of identify
 h - 2 scrolls of remove curse
 m - 3 scrolls of fear
Potions
 e - a potion of flight
 k - 2 potions of might
 l - 3 potions of magic
Comestibles
 d - 7 rations


   Skills:
 + Level 5.9 Fighting
 + Level 8.6 Polearms
 + Level 1.9 Throwing
 + Level 6.8 Dodging
 + Level 4.1 Stealth


You had 8 spell levels left.
You didn't know any spells.
Your spell library contained the following spells:

 Spells                   Type           Power        Failure   Level  Hunger
 Corona                   Hex            #......      30%         1    ##.....
 Flame Tongue             Conj/Fire      #....        30%         1    ##.....
 Ensorcelled Hibernation  Hex/Ice        #.....       43%         2    ###....
 Throw Flame              Conj/Fire      #.....       43%         2    ###....
 Confuse                  Hex            #.......     67%         3    ####...
 Conjure Flame            Conj/Fire      #.......     67%         3    ####...
 Dazzling Spray           Conj/Hex       #.....       67%         3    ####...
 Inner Flame              Hex/Fire       #.......     67%         3    ####...
 Tukima's Dance           Hex            #.......     67%         3    ####...
 Sticky Flame             Conj/Fire      #.......     97%         4    #####..
 Fireball                 Conj/Fire      #.........   100%        5    ######.


Dungeon Overview and Level Annotations

Branches:
Dungeon (7/15)             Temple (1/1) D:4

Altars:
Ashenzari
Cheibriados
Dithmenos
Elyvilon
Fedhas
Gozag
Hepliaklqana
Kikubaaqudgha
Makhleb
Nemelex Xobeh
Okawaru
Qazlal
Ru
Sif Muna
Trog
Uskayaw
Vehumet
Wu Jian
Xom
Yredelemnul
Zin
The Shining One

Annotations:
D:3 3 runed translucent doors, Menchi's ghost, amateur DEWr


Innate Abilities, Weirdness & Mutations

You can breathe waves of freezing cold.
You can buffet flying creatures when you breathe cold.
Your icy white scales are hard. (AC +7)
You cannot fit into any form of body armour.
Your flesh is cold resistant. (rC+)
You are cold-blooded and may be slowed by cold attacks.


Message History

You are lethally poisoned!
The scorpion poisons you!
Okay, then.
Press: ? - help, Shift-Dir - straight line, f - scorpion
Aim: a scorpion (moderately wounded)
You exhale a wave of freezing cold.
The freezing breath misses the scorpion.
You are feeling hungry.
* * * LOW HITPOINT WARNING * * *
You feel sick. The scorpion completely misses you.
You can't do that yet.
Unknown command.
Okay, then.
* * * LOW HITPOINT WARNING * * *
You feel sick.
* * * LOW HITPOINT WARNING * * *
You feel sick.
You hit the scorpion.
The scorpion is moderately wounded.
You die...

##########
##..#..#..#
#.........#
#.......§.#
#.....s@..#
..'.......$.#
.#########..#
#######.##
#..#
...$.....#
...#
<†)......#
...#
.)###...##
..# ..###...#
### ..?...o


You could see a scorpion.

Vanquished Creatures
  Eustachio (D:6)
  Edmund (D:6)
  2 orc warriors
  3 sky beasts
  3 centaurs
  A gnoll sergeant (D:7)
  3 bullfrogs
  A wyvern skeleton (D:6)
  A scorpion (D:6)
  4 wights
  2 hounds
  A centaur skeleton (D:5)
  A jelly (D:5)
  3 orc priests
  2 iguanas (D:6)
  5 orc wizards
  7 worker ants
  Robin (D:4)
  A worker ant zombie (D:6)
  A howler monkey skeleton (D:7)
  2 river rats (Sewer)
  9 adders
  10 gnolls
  3 shadow imps
  An ooze (D:3)
  3 worms
  A dart slug (D:2)
  2 leopard geckos
  29 orcs
  8 ball pythons
  6 giant cockroaches
  20 goblins
  10 hobgoblins
  4 jackals (D:5)
  3 quokkas
  3 bats
  12 frilled lizards
  8 kobolds
  A leopard gecko skeleton (D:5)
  2 quokka zombies (D:6)
  13 rats
194 creatures vanquished.

Vanquished Creatures (others)
  An orc (D:4)
  A goblin (D:4)
  A hobgoblin (D:4)
  A fungus (D:3)
  2 plants (D:3)
6 creatures vanquished.

Grand Total: 200 creatures vanquished

Notes
Turn   | Place    | Note
-------+----------+-------------------------------------------
     0 | D:1      | Marnok the Draconian Gladiator began the quest for the Orb.
     0 | D:1      | Reached XP level 1. HP: 17/17 MP: 1/1
    54 | D:1      | Reached XP level 2. HP: 15/24 MP: 2/2
   586 | D:1      | Reached XP level 3. HP: 30/30 MP: 3/3
   827 | D:2      | Found a bloodstained altar of Trog.
  1039 | D:2      | Reached skill level 4 in Polearms
  1221 | D:2      | Reached XP level 4. HP: 28/37 MP: 4/4
  2380 | D:3      | Reached skill level 1 in Stealth
  2395 | D:3      | Reached XP level 5. HP: 43/44 MP: 5/5
  2823 | D:3      | Found a runed translucent gate.
  2824 | D:3      | Found a runed translucent gate.
  2824 | D:3      | Found a runed translucent gate.
  2826 | D:3      | Noticed Menchi's ghost (amateur DEWr)
  3104 | D:4      | Found a staircase to the Ecumenical Temple.
  3245 | D:4      | Noticed Robin
  3280 | D:4      | Reached skill level 5 in Polearms
  3282 | D:4      | Killed Robin
  3539 | D:4      | Reached XP level 6. HP: 49/51 MP: 6/6
  3998 | Temple   | Entered the Ecumenical Temple
  4055 | Temple   | Became a worshipper of Qazlal Stormbringer
  4089 | D:5      | Entered Level 5 of the Dungeon
  4089 | D:5      | Found a blossoming altar of Fedhas.
  4123 | D:5      | Found a glowing drain.
  4141 | Sewer    | Entered a sewer
  4582 | D:5      | Reached * piety under Qazlal
  4598 | D:5      | Noticed a sky beast
  4608 | D:5      | Killed a sky beast
  4608 | D:5      | Your scales start taking on an icy white colour.
  4608 | D:5      | Reached XP level 7. HP: 39/58 MP: 7/7
  4608 | D:5      | Gained mutation: Your flesh is cold resistant. (rC+) [White
                  | Draconian growth]
  4644 | D:5      | Found an ornate altar of the Wu Jian Council.
  4645 | D:5      | Found an ancient bone altar of Kikubaaqudgha.
  4645 | D:5      | Found a burning altar of Makhleb.
  4645 | D:5      | Found a shattered altar of Ashenzari.
  4650 | D:5      | Found a snail-covered altar of Cheibriados.
  4756 | D:5      | Found a sparkling altar of Nemelex Xobeh.
  4844 | D:5      | Found a deep blue altar of Sif Muna.
  5034 | D:5      | Reached skill level 6 in Polearms
  5841 | D:6      | Reached XP level 8. HP: 18/67 MP: 8/8
  6191 | D:6      | Reached skill level 5 in Fighting
  6191 | D:6      | Reached skill level 7 in Polearms
  6191 | D:6      | Reached skill level 5 in Dodging
  6471 | D:6      | Noticed Edmund
  6503 | D:6      | Killed Edmund
  7213 | D:6      | Noticed Eustachio
  7247 | D:6      | Killed Eustachio
  7247 | D:6      | Reached ** piety under Qazlal
  7247 | D:6      | Reached skill level 8 in Polearms
  7370 | D:7      | Reached XP level 9. HP: 26/75 MP: 3/9
  7724 | D:7      | HP: 3/75 [scorpion (5)]
  7727 | D:7      | HP: 1/75 [poisoned by a scorpion]
  7728 | D:7      | Succumbed to a scorpion's poison

Skill      XL: |  1  2  3  4  5  6  7  8 |
---------------+-------------------------+-----
Dodging        | 3 4 6 |  6.8
Polearms       | 4 5 6 8 |  8.6
Stealth        | 1 2 3 4 |  4.1
Fighting       | 3 4 5 |  5.9
Throwing       | |  1.9

Action                   |  1- 3 |  4- 6 |  7- 9 || total
-------------------------+-------+-------+-------++-------
Melee: Trident           |   122 |    12 |   262 ||   396
       Tailslap          |    11 |    22 |    41 ||    74
       Spear             |       |   223 |    21 ||   244
 Abil: Breathe Frost     |       |       |     1 ||     1
  Use: Potion            |     1 |     5 |    11 ||    17
       Scroll            |       |    13 |     4 ||    17
 Stab: Sleeping          |     2 |     9 |       ||    11
       Invisible         |       |     5 |       ||     5
  Eat: Chunk             |     1 |    11 |     3 ||    15
       Ration            |       |       |     2 ||     2
Armor: Skin              |    29 |    55 |    93 ||   177
Dodge: Dodged            |    96 |   148 |   234 ||   478
Block: Other             |       |     1 |    28 ||    29
